 Dungeon Crawl Stone Soup version 0.31-a0-344-gd109795599 (webtiles) character file.

Game seed: 17223882053154466103

4666 AIAndy the Mimic (level 10, 0/69 HPs)
             Began as an Octopode Shapeshifter on July 22, 2023.
             Was a Priest of Qazlal.
             Constricted to death by a formless jellyfish (shapeshifter) (5 damage)
             ... on level 8 of the Dungeon.
             The game lasted 00:19:06 (6551 turns).

AIAndy the Mimic (Octopode Shapeshifter)            Turns: 6551, Time: 00:19:06

Health: 0/69       AC:  9    Str: 23    XL:     10   Next: 44%
Magic:  13/13      EV: 17    Int: 11    God:    Qazlal [***...]
Gold:   91         SH:  4    Dex: 13    Spells: 9/9 levels left

rFire   + .          .
                       - Unarmed
rCold   . . .        (shield currently unavailable)
rNeg    . . .        (helmet currently unavailable)
rPois   .            s - amulet of the acrobat
rElec   .            F - ring of protection from fire
rCorr   .            E - +5 ring of evasion
SInv    .            e - +5 ring of evasion
Will    .....        Z - ring of wizardry
Stlth   +            (no ring)
HPRegen 0.31/turn    (no ring)
MPRegen 0.13/turn    (no ring)
                     (no ring)

%: acrobat, wizardry (x1)
@: snake-form, constricted
A: constrict, boosted hp, almost no armour, amphibious, 8 rings, large,
(camouflage 1), (gelatinous body 1), (nimble swimmer 1), (tentacles)
a: Begin Untransformation, Renounce Religion, Upheaval, Elemental Force


You were on level 8 of the Dungeon.
You worshipped Qazlal.
Qazlal was most pleased with you.
You were an enormous anaconda.
You visited 1 branch of the dungeon, and saw 8 of its levels.

You collected 634 gold pieces.
You spent 543 gold pieces at shops.


Innate Abilities, Weirdness & Mutations

You are an enormous anaconda.
You have a powerful constriction melee attack.
Your maximum health is increased.
Your armour is entirely melded.
You are incapable of wielding weapons or throwing items.
You cannot wear most types of armour.
You are amphibious.
You can wear up to eight rings at the same time.
((Your skin changes colour to match your surroundings (Stealth+).))
((Your rubbery body absorbs attacks. (AC +1, EV +1)))
((You are camouflaged when in or above water. (Stealth+)))
((You have tentacles for arms and can constrict up to eight enemies at once.))


   Skills:
 - Level 1.0 Fighting
 - Level 2.0 Dodging
 + Level 6.8 Unarmed Combat
 + Level 4.4 Invocations
 - Level 11.4 Shapeshifting


You had 9 spell levels left.
You didn't know any spells.
Your spell library contained the following spells:

 Spells                   Type           Power      Damage    Failure   Level
 Sandblast                Erth           0%         2d4       14%         1
 Sting                    Tmut/Pois      0%         1d3       14%         1
 Cigotuvi's Dreadful Rot  Necr/Pois/Air  0%         N/A       21%         2
 Ensorcelled Hibernation  Hex/Ice        0%         N/A       21%         2
 Lesser Beckoning         Tloc           0%         N/A       21%         2
 Passwall                 Tmut/Erth      0%         N/A       21%         2
 Poisonous Vapours        Pois/Air       0%         N/A       21%         2
 Sublimation of Blood     Necr           0%         N/A       21%         2
 Gell's Gravitas          Tloc           0%         N/A       38%         3
 Ignite Poison            Fire/Tmut/Pois 0%         N/A       38%         3
 Portal Projectile        Hex/Tloc       0%         N/A       38%         3
 Stone Arrow              Conj/Erth      0%         3d7       38%         3
 Swiftness                Air            0%         N/A       38%         3
 Teleport Other           Tloc           0%         N/A       38%         3
 Tukima's Dance           Hex            0%         N/A       38%         3
 Volatile Blastmotes      Fire/Tloc      0%         2d10      38%         3
 Fulminant Prism          Conj/Hex       0%         3d5       77%         4
 Iskenderun's Mystic Bla  Conj/Tloc      0%         2d3       77%         4
 Olgreb's Toxic Radiance  Pois           0%         N/A       77%         4
 Petrify                  Tmut/Erth      0%         N/A       77%         4
 Sticky Flame             Conj/Fire      0%         2d3       77%         4
 Freezing Cloud           Conj/Ice/Air   0%         6-21      98%         5
 Irradiate                Conj/Tmut      0%         3d11      98%         5
 Ignition                 Fire           0%         3d3       100%        8

Inventory:

Missiles
 m - 6 boomerangs (quivered)
Jewellery
 e - a +5 ring of evasion (on tentacle)
 s - an amulet of the acrobat (around neck)
 E - a +5 ring of evasion (right tentacle)
 F - a ring of protection from fire (left tentacle)
 Z - a ring of wizardry (on tentacle)
Talismans
 b - a beast talisman
 p - a serpent talisman
Wands
 t - a wand of acid (3)
 u - a wand of flame (19)
 w - a wand of paralysis (18)
 z - a wand of roots (12)
Scrolls
 d - a scroll of teleportation {unknown}
 f - 2 scrolls of enchant weapon {unknown}
 g - a scroll of amnesia {unknown}
 i - 2 scrolls of silence {unknown}
 j - 2 scrolls of poison {unknown}
 k - 2 scrolls of fog {unknown}
 l - 3 scrolls of fear {unknown}
 n - a scroll of summoning {unknown}
 o - 2 scrolls of enchant armour {unknown}
 y - a scroll of revelation {unknown}
Potions
 a - 3 potions of lignification {!q}
 c - 4 potions of enlightenment
 h - a potion of ambrosia
 q - 3 potions of haste {@q3}
 r - a potion of heal wounds {@q2}
 v - a potion of resistance
 x - 4 potions of curing {@q1}

Dungeon Overview and Level Annotations

Branches:
Dungeon (8/15)             Temple (0/1) D:4
   Lair: D:8-11

Altars:
Ashenzari
Fedhas
Gozag
Makhleb
Qazlal
Trog
Uskayaw
Xom
Yredelemnul

Shops:
D:4 =   D:6 !   D:7 !

Annotations:
D:8 1 runed translucent door

#...............# ###......#
#...............#####.......##
##..............##..........#
##.................▒▒▒'.....#
#..#.............▒▒▒..▒.#...#
##.###..........▒▒▒....▒..))##
##.## ##.......▒▒▒..▒▒▒▒▒.....##
#..######...▒▒▒▒J...... ▒.#)....
##.##....[.▒▒▒'.S▒▒▒▒▒▒▒▒▒.#.....
#.###))).▒▒▒..▒▒▒.(.....(▒.#..#..
.......▒▒▒ ▒▒ ' ▒▒▒..▒▒▒▒▒.#†.#..
.....▒▒▒ ▒. ▒▒▒....▒.......
...▒▒▒ .▒ ▒▒▒..▒.##.... ...▒ ..
▒▒▒'.##.... ...▒ . l▒▒▒▒▒▒....#..
...▒ J+....'...#### ...▒
▒▒▒▒▒▒..## #


You could see a formless jellyfish.


Message History

You body-slam the slime creature!!
The slime creature is severely wounded.
The slime creature completely misses you.
You lash the slime creature!
The slime creature is almost dead.
The formless jellyfish shimmers eerily.
The formless jellyfish blinks!
The slime creature closely misses you.
A cyclops comes into view.
You hit the slime creature.
The slime creature is almost dead.
The slime creature barely misses you.
You lash the slime creature!
You kill the slime creature!
Qazlal accepts your kill.
The formless jellyfish barely misses you.
The formless jellyfish misses you.
Items here: ( ) [ †.
You hit the formless jellyfish.
The formless jellyfish is lightly wounded.
The formless jellyfish stings you!
You suddenly lose the ability to move!
The formless jellyfish grabs you. The formless jellyfish constricts you.
The formless jellyfish stings you!!
* * * LOW HITPOINT WARNING * * *
You shrug off the repeated paralysis!
The formless jellyfish constricts you.
* * * LOW HITPOINT WARNING * * *
You can move again.
You feel much better. The formless jellyfish stings you!
* * * LOW HITPOINT WARNING * * *
The formless jellyfish constricts you.
You die...

Skill      XL: |  1  2  3  4  5  6  7  8  9 10 |
---------------+-------------------------------+-----
Unarmed Combat | 4 5 6 |  6.8
Shapeshifting  | 4 5 7 9 11 | 11.4
Invocations    | 4 |  4.4
Fighting       | |  1.0
Dodging        | |  2.0

Action                     |  1- 3 |  4- 6 |  7- 9 | 10-12 || total
---------------------------+-------+-------+-------+-------++-------
  Melee: Unarmed           |    56 |    82 |   197 |    38 ||   373
         Tentacles         |     7 |     5 |       |       ||    12
         Constrict         |    14 |    22 |    42 |     5 ||    83
  Evoke: Wand              |       |       |    16 |       ||    16
    Use: Scroll            |       |       |     6 |       ||     6
         Potion            |       |       |       |     1 ||     1
   Stab: Sleeping          |     9 |     3 |       |       ||    12
 Armour: Skin              |     3 |    20 |    54 |     5 ||    82
  Dodge: Dodged            |    27 |    33 |   139 |    31 ||   230
  Block: Other             |       |     2 |    31 |     5 ||    38
   Form: Anaconda          |       |     1 |       |       ||     1

Levels and vault maps discovered:
D:1:      erik_arrival_cave_to_civilisation [erik_arrival_cave_to_hall],
          layout_loops_ring
D:2:      layout_basic, chequers_serial_rivers_micro_b, minmay_tetromino_l2
D:3:      layout_loops_corners, shapermc_ecumenical_altar_mp_vishouse,
          minmay_fountain_box
D:4:      layout_cave_pods, temple_statues, serial_shops, nicolae_shop_trees,
          minmay_strange_pillars, kennysheep_generic_room_3
D:5:      layout_basic, old_standard_altar,
          nicolae_gozag_cash_rules_everything_around_me, uniq_duvessa
D:6:      layout_gridville, fedhas_bush_and_centaur_altar,
          jmf_multi_god_temple2, serial_shops, shop
D:7:      layout_basic, marbit_many_paths, mainiacjoe_overflow_alcove_1,
          serial_shops, nicolae_shop_industrial_runoff
D:8:      minmay_the_grid_triangle_9x9_rhombus_thin
          [minmay_the_grid_triangle_9x9_warning,
          minmay_the_grid_triangle_9x9_prize_top_heavy,
          minmay_the_grid_triangle_9x9_wacky_v,
          minmay_the_grid_triangle_9x9_fully_insulated_deathbox],
          layout_cave_pods, mainiacjoe_overflow_alcove_2, uniq_grum

Notes
Turn   | Place    | Note
-------+----------+-------------------------------------------
     0 | D:1      | AIAndy the Octopode Shapeshifter began the quest for the
                  | Orb.
     0 | D:1      | Reached XP level 1. HP: 13/13 MP: 1/1
    32 | D:1      | Reached XP level 2. HP: 18/18 MP: 2/2
   161 | D:1      | Reached skill level 4 in Unarmed Combat
   206 | D:1      | Reached XP level 3. HP: 23/23 MP: 3/3
  1249 | D:2      | Reached XP level 4. HP: 28/28 MP: 4/4
  1642 | D:3      | Reached skill level 5 in Unarmed Combat
  1930 | D:3      | Found a faded altar of an unknown god.
  1933 | D:3      | Prayed at the altar of an unknown god.
  1933 | D:3      | Became a worshipper of Qazlal Stormbringer
  1933 | D:3      | Reached * piety under Qazlal
  2391 | D:4      | Noticed a scorpion
  2397 | D:4      | Killed a scorpion
  2398 | D:4      | Reached XP level 5. HP: 18/33 MP: 5/5
  2526 | D:4      | Reached skill level 4 in Shapeshifting
  2535 | D:4      | Reached XP level 6. HP: 20/38 MP: 6/6
  2586 | D:4      | Found Vipt's Jewellery Emporium.
  2607 | D:4      | Found a staircase to the Ecumenical Temple.
  3042 | D:5      | Entered Level 5 of the Dungeon
  3082 | D:5      | Reached ** piety under Qazlal
  3088 | D:5      | Reached skill level 5 in Shapeshifting
  3274 | D:5      | Identified a +0 robe of resistance
  3285 | D:5      | Reached XP level 7. HP: 33/43 MP: 7/7
  3516 | D:5      | Reached skill level 6 in Shapeshifting
  3600 | D:5      | Noticed Dowan
  3602 | D:5      | Noticed Duvessa
  3605 | D:5      | Killed Dowan
  3606 | D:5      | Killed Duvessa
  3624 | D:5      | Found an opulent altar of Gozag.
  3670 | D:5      | Found a broken altar of Ashenzari.
  3898 | D:6      | Found Viniffise's Distillery.
  3900 | D:6      | Bought a potion of heal wounds for 75 gold pieces
  3972 | D:6      | Found a blossoming altar of Fedhas.
  3985 | D:6      | Reached skill level 7 in Shapeshifting
  3985 | D:6      | Reached XP level 8. HP: 34/48 MP: 8/8
  4106 | D:6      | Found a large runed translucent door.
  4106 | D:6      | Found a large runed translucent door.
  4596 | D:6      | Found a bloodstained altar of Trog.
  4647 | D:6      | Found a shimmering altar of Xom.
  4759 | D:7      | Reached skill level 8 in Shapeshifting
  5029 | D:7      | Found Ulirch's Distillery.
  5050 | D:7      | Reached skill level 9 in Shapeshifting
  5125 | D:7      | Found a burning altar of Makhleb.
  5175 | D:7      | Found a hide-covered altar of Uskayaw.
  5180 | D:7      | Reached XP level 9. HP: 53/53 MP: 9/9
  5385 | D:7      | Reached *** piety under Qazlal
  5484 | D:7      | Reached skill level 10 in Shapeshifting
  5626 | D:4      | Bought a +5 ring of evasion for 468 gold pieces
  5883 | D:8      | Identified a potion of resistance
  6098 | D:8      | Found a basalt altar of Yredelemnul.
  6124 | D:8      | Noticed Grum
  6130 | D:8      | Reached skill level 11 in Shapeshifting
  6136 | D:8      | Killed Grum
  6138 | D:8      | Identified the +0 robe of Bad Feelings {Rampage Will+}
  6194 | D:8      | Found a runed translucent door.
  6213 | D:8      | Identified a scarf of resistance
  6327 | D:8      | Reached XP level 10. HP: 58/58 MP: 10/10
  6373 | D:8      | Noticed a centaur warrior
  6383 | D:8      | Killed a centaur warrior
  6384 | D:8      | Reached skill level 6 in Unarmed Combat
  6384 | D:8      | Reached skill level 2 in Invocations
  6398 | D:8      | Reached skill level 3 in Invocations
  6485 | D:8      | Noticed a cyclops
  6496 | D:8      | Killed a cyclops
  6497 | D:8      | Reached skill level 4 in Invocations
  6541 | D:8      | Noticed a formless jellyfish
  6545 | D:8      | Noticed a cyclops
  6549 | D:8      | Paralysed by a formless jellyfish for 1 turns
  6550 | D:8      | HP: 6/69 [formless jellyfish (shapeshifter) (29)]
  6551 | D:8      | Constricted to death by a formless jellyfish (shapeshifter)

Vanquished Creatures
  A centaur warrior (D:8)
  A cyclops (D:8)
  A slime creature (D:8)
  A wyvern (D:8)
  Grum (D:8)
  A basilisk (D:8)
  3 steam dragons
  An acid dragon (D:8)
  Duvessa (D:5)
  3 water moccasins
  An orc warrior (D:8)
  2 sky beasts (D:8)
  2 wolves (D:8)
  4 centaurs
  A kobold brigand (D:8)
  A bullfrog (D:8)
  2 scorpions
  3 gnoll sergeants
  Dowan (D:5)
  4 howler monkeys
  3 hounds
  A gnoll bouda (D:7)
  An orc priest (D:4)
  3 jellies
  6 iguanas
  A sleepcap (D:5)
  4 orc wizards
  7 adders
  13 gnolls
  2 shadow imps
  3 worms
  6 dart slugs
  18 orcs
  2 ball pythons
  5 bats
  6 endoplasms (D:1)
  2 giant cockroaches
  7 goblins
  8 hobgoblins
  14 kobolds
  4 quokkas
  7 frilled lizards
  2 rats (D:2)
160 creatures vanquished.

Vanquished Creatures (others)
  An orc wizard (D:7)
1 creature vanquished.

Grand Total: 161 creatures vanquished

Table legend: (Time is in decaauts)
 A = Elapsed time spent in this place.
 B = Non-inter-level travel time spent in this place.
 C = Inter-level travel time spent in this place.
 D = Time resting spent in this place.
 E = Time spent auto-exploring this place.
 F = Levels seen in this place.
 G = Mean time per level.
                   A        B        C        D        E       F      G
               +--------+--------+--------+--------+--------+-----+--------+
         Total |   6514 |   6185 |    329 |    116 |   5027 |   8 |  814.2 |
       Dungeon |   6514 |   6185 |    329 |    116 |   5027 |   8 |  814.2 |
               +--------+--------+--------+--------+--------+-----+--------+

Top non-repeatable levels by time:
     D:5: 911 daAuts
     D:3: 903 daAuts
     D:7: 874 daAuts
     D:1: 859 daAuts
     D:8: 844 daAuts
     D:6: 816 daAuts
     D:4: 727 daAuts
     D:2: 577 daAuts

Table legend:
 A = Non-vault XP
 B = Vault XP
 C = Vault XP percentage of total XP
 D = Non-vault monster count
 E = Vault monster count
 F = Vault count percentage of total count
                 A         B        C        D         E       F
            +---------+---------+-------+---------+---------+-------
      Total |    3831 |    2835 |  42.5 |     141 |      19 |  11.9
            +---------+---------+-------+---------+---------+-------
        D:1 |      42 |      16 |  27.6 |      22 |       2 |   8.3
        D:2 |      23 |       1 |   4.2 |      12 |       1 |   7.7
        D:3 |      51 |       0 |   0.0 |      17 |       0 |   0.0
        D:4 |     216 |       2 |   0.9 |      17 |       1 |   5.6
        D:5 |     524 |     223 |  29.9 |      15 |       2 |  11.8
        D:6 |     316 |     159 |  33.5 |       7 |       3 |  30.0
        D:7 |    1463 |      35 |   2.3 |      34 |       1 |   2.9
        D:8 |    1196 |    2399 |  66.7 |      17 |       9 |  34.6
            +---------+---------+-------+---------+---------+-------
